 Dungeon Crawl Stone Soup version 0.29-a0-819-g94b489e0ae (webtiles) character file.

Game seed: 7390821335226717784

2 Garessta the Scratcher (level 1, -5/9 HPs)
             Began as a Felid Transmuter on July 6, 2022.
             Slain by a gnoll
             ... wielding a +0 club
              (6 damage)
             ... on level 1 of the Dungeon.
             The game lasted 00:00:55 (421 turns).

Garessta the Scratcher (Felid Transmuter)            Turns: 421, Time: 00:00:55

Health: -5/9       AC:  1    Str:  6    XL:     1   Next: 33%
Magic:  3/4        EV: 17    Int: 14    God:
Gold:   43         SH:  0    Dex: 16    Spells: 3/4 levels left
                                        Lives:  0   Deaths: 0

rFire   . . .      SeeInvis +     - Unarmed
rCold   . . .      Faith    .   (shield unavailable)
rNeg    . . .      Spirit   .   (body armour unavailable)
rPois   .          Reflect  .   (helmet unavailable)
rElec   .          Harm     .   (cloak unavailable)
rCorr   .          Rampage  .   (gloves unavailable)
Will    .....                   (boots unavailable)
Stlth   +.........              (no amulet)
HPRegen 0.03/turn               (no ring)
MPRegen 0.09/turn               (no ring)

@: appendages (expiring), quick
A: horns 2, very small, claws 1, fangs 3, see invisible, speed 1, shaggy fur 1,
stealthy paws, no weapons or thrown items, no armour, multi-lived
a: End Transformation


You were on level 1 of the Dungeon.
You had temporarily grown beastly horns.
You visited 1 branch of the dungeon, and saw 1 of its levels.

You collected 43 gold pieces.

Inventory:

Scrolls
 b - 2 scrolls of identify {unknown}
 c - a scroll of poison {unknown}
Potions
 a - 2 potions of lignification
 d - a potion of brilliance {unknown}


   Skills:
 - Level 1.0 Fighting
 - Level 2.6 Dodging
 - Level 3.0 Unarmed Combat
 + Level 2.1 Spellcasting
 + Level 2.3 Transmutations


You had 3 spell levels left.
You knew the following spells:

 Your Spells              Type           Power      Damage    Failure   Level
a - Beastly Appendage     Tmut           16%        N/A       9%          1

Your spell library contained the following spells:

 Spells                   Type           Power      Damage    Failure   Level
 Wereblood                Tmut           8%         N/A       14%         2
 Spider Form              Tmut/Pois      4%         N/A       41%         3
 Ice Form                 Ice/Tmut       4%         N/A       82%         4


Dungeon Overview and Level Annotations

Branches:
Dungeon (1/15)

Altars:


Innate Abilities, Weirdness & Mutations

You have temporarily grown beastly horns.
You have sharp claws.
You have razor-sharp teeth.
You have supernaturally acute eyesight. (SInv)
You cover ground quickly. (Speed+)
You are covered in fur. (AC +1)
Your paws help you pounce on unaware monsters.
You are incapable of wielding weapons or throwing items.
You cannot wear armour.
You gain extra lives every three experience levels.


Message History

No target in view!
Your transformation is almost over.
Your horns disappear.
You now have 34 gold pieces (gained 12).
You now have 43 gold pieces (gained 9).
d - a grey potion
a - 2 potions of lignification (gained 1)
A dart slug and a gnoll come into view.
The gnoll shouts!
You hear a shout!
A goblin comes into view. It is wielding a +0 club.
A goblin comes into view. It is wielding a +0 club.
Casting: Beastly Appendage (safe; 9% risk of failure)
Confirm with . or Enter, or press ? or * to list all spells.
You grow a pair of large bovine horns.
You scratch the gnoll. Your headbutt misses the gnoll.
Your bite misses the gnoll.
The gnoll is heavily wounded.
The gnoll hits you with a +0 club.
Ouch! That really hurt!
Your transformation is almost over.
Your horns disappear.
There is an open door here.
You scratch the goblin. You bite the goblin, but do no damage.
The goblin is moderately wounded.
The goblin hits you with a +0 club.
* * * LOW HITPOINT WARNING * * *
The gnoll closely misses you.
You closely miss the goblin.
The goblin is moderately wounded.
The goblin misses you. The gnoll closely misses you.
Casting: Beastly Appendage (safe; 9% risk of failure)
Confirm with . or Enter, or press ? or * to list all spells.
You grow a pair of large bovine horns.
Your transformation is almost over.
The goblin completely misses you. The gnoll closely misses you.
You barely miss the goblin.
The goblin is moderately wounded.
The goblin barely misses you. The gnoll hits you with a +0 club.
Ouch! That really hurt!
You die...

# # ######### # #####
#...g...# # #....#
#.#.#@#.# #
#....#######.#g####
###.......#.........#
..+.......#.##...##.#
###.......#..#...#<.#
.....####.####...####
.............##.##
.###.......#g...#
.#.........#.####


You could see a gnoll and a goblin.

Vanquished Creatures
  A ball python (D:1)
  A frilled lizard (D:1)
  A kobold (D:1)
  A rat (D:1)
4 creatures vanquished.

Notes
Turn   | Place    | Note
-------+----------+-------------------------------------------
     0 | D:1      | Garessta the Felid Transmuter began the quest for the Orb.
     0 | D:1      | Reached XP level 1. HP: 9/9 MP: 4/4
   421 | D:1      | Slain by a gnoll

Illustrated notes

Levels and vault maps discovered:
D:1:      onia_arrival_mini_spirals, layout_basic, roderic_lattice_a,
          minmay_cupped

Action                   || total
-------------------------++-------
Melee: Unarmed           ||    21
       Bite              ||     3
       Headbutt          ||     1
 Cast: Beastly Appendage ||     6
Armor: Skin              ||     2
Dodge: Dodged            ||    20

Table legend: (Time is in decaauts)
 A = Elapsed time spent in this place.
 B = Non-inter-level travel time spent in this place.
 C = Inter-level travel time spent in this place.
 D = Time resting spent in this place.
 E = Time spent auto-exploring this place.
 F = Levels seen in this place.
 G = Mean time per level.
                   A        B        C        D        E       F      G
               +--------+--------+--------+--------+--------+-----+--------+
         Total |    375 |    375 |      0 |      0 |    291 |   1 |  375.0 |
       Dungeon |    375 |    375 |      0 |      0 |    291 |   1 |  375.0 |
               +--------+--------+--------+--------+--------+-----+--------+

Top non-repeatable levels by time:
     D:1: 375 daAuts
